 Dungeon Crawl Stone Soup version 0.28.0-49-g6dfe1f597d (webtiles) character file.

Game seed: 7170459138883511438

942 greasedhog the Cruncher (level 8, -1/52 HPs)
             Began as a Formicid Fighter on May 14, 2022.
             Was an Initiate of Okawaru.
             Slain by a jelly (2 damage)
             ... on level 5 of the Dungeon.
             The game lasted 00:09:15 (5097 turns).

greasedhog the Cruncher (Formicid Fighter)          Turns: 5097, Time: 00:09:15

Health: -1/52      AC: -2    Str: 28    XL:     8   Next: 34%
Magic:  8/8        EV:  8    Int:  9    God:    Okawaru [......]
Gold:   165        SH:  5    Dex: 10    Spells: 7/7 levels left

rFire   . . .      SeeInvis +   a - +0 quarterstaff
rCold   . . .      Faith    .   c - +0 buckler
rNeg    . . .      Spirit   .   l - +0 chain mail
rPois   .          Reflect  .   (helmet unavailable)
rElec   .          Harm     .   (no cloak)
rCorr   .          Rampage  .   (no gloves)
Will    .....                   (no boots)
Stlth   ..........              (no amulet)
HPRegen 0.17/turn               g - ring of flight
MPRegen 0.11/turn               b - +6 ring of strength

@: corroded, flying
A: permanent stasis, dig shafts and tunnels, antennae 3, four strong arms, fangs
1, frail 1
a: Dig, Shaft Self, Renounce Religion


You were on level 5 of the Dungeon.
You worshipped Okawaru.
Okawaru was noncommittal.
You visited 2 branches of the dungeon, and saw 6 of its levels.

You collected 165 gold pieces.

Inventory:

Hand Weapons
 a - a +0 quarterstaff (weapon)
Armour
 c - a +0 buckler (worn)
 e - a +0 tower shield
 l - a +0 chain mail (worn)
Jewellery
 b - a +6 ring of strength (right hand)
 g - a ring of flight (left hand)
Wands
 h - a wand of paralysis (9)
 p - a wand of digging (9)
Scrolls
 d - a scroll of immolation {unknown}
 k - 2 scrolls of magic mapping
 o - a scroll of enchant weapon {unknown}
 r - a scroll of silence {unknown}
Potions
 f - a potion of curing {unknown}
 i - 2 potions of attraction {unknown}
 j - a potion of magic {unknown}
 m - 2 potions of heal wounds {unknown}
 n - 2 potions of flight {unknown}
 q - a potion of brilliance {unknown}


   Skills:
 - Level 3.2 Fighting
 * Level 8.4 Staves
 - Level 3.2 Armour
 * Level 5.9 Shields
 * Level 0.2 Invocations


You had 7 spell levels left.
You didn't know any spells.
Your spell library contained the following spells:

 Spells                   Type           Power      Damage    Failure   Level
 Foxfire                  Conj/Fire      0%         2x1d4     95%         1
 Conjure Flame            Conj/Fire      0%         6-21      100%        3
 Inner Flame              Hex/Fire       0%         N/A       100%        3
 Ozocubu's Armour         Ice            0%         N/A       100%        3
 Flame Wave               Conj/Fire      0%         2d4       100%        4
 Blade Hands              Tmut           0%         N/A       100%        5
 Metabolic Englaciation   Hex/Ice        0%         N/A       100%        5
 Iron Shot                Conj/Erth      0%         9d1       100%        6
 Ozocubu's Refrigeration  Ice            0%         4d5       100%        7
 Animate Armour           Summ/Erth      Unusable   N/A       N/A         4
 Simulacrum               Ice/Necr       Unusable   N/A       N/A         6

Dungeon Overview and Level Annotations

Branches:
Dungeon (5/15)             Temple (1/1) D:4

Altars:
Cheibriados
Dithmenos
Fedhas
Gozag
Hepliaklqana
Makhleb
Nemelex Xobeh
Okawaru
Qazlal
Ru
Trog
Uskayaw
Wu Jian
Xom
Zin
The Shining One

Shops:
D:4 [

Annotations:
D:4 3 runed translucent doors, Holdthepickle's ghost, amateur TrHu


Innate Abilities, Weirdness & Mutations

You cannot be hasted, slowed, berserked, paralysed or teleported.
You can dig through walls and to a lower floor.
You have a pair of large antennae on your head. (SInv)
Your four strong arms can wield two-handed weapons with a shield.
You have very sharp teeth.
You are frail. (-10% HP)


Message History

You sock Ijyb!
You kill Ijyb!
Okawaru accepts your kill.
h - a wand of paralysis (9);
j - a fizzy green potion
Things that are here:
a +0 club; a +0 leather armour; the goblin corpse of Ijyb You sense a monster nearby.
A jelly comes into view.
The jelly quivers.
You see here 8 gold pieces.
You hit the jelly. The acid corrodes you!
Your hands burn!
The jelly is lightly wounded.
The jelly hits you but does no damage.
You completely miss the jelly.
The jelly is lightly wounded.
The jelly hits you. The acid corrodes you!
You are splashed with acid!
You sock the jelly!
Your hands burn!
The jelly is heavily wounded.
The jelly barely misses you.
You thump the jelly!
Your hands burn!
The jelly is almost dead.
The jelly hits you.
You are splashed with acid!
You hit the jelly. The acid corrodes you!
Your hands burn!
You bite the jelly, but do no damage.
The jelly is almost dead.
The jelly hits you.
* * * LOW HITPOINT WARNING * * *
The acid corrodes you!
You are splashed with acid!
* * * LOW HITPOINT WARNING * * *
You hit the jelly but do no damage.
Your hands burn!
* * * LOW HITPOINT WARNING * * *
The jelly is almost dead.
You barely miss the jelly.
The jelly is almost dead.
The jelly closely misses you.
You hit the jelly but do no damage. The acid corrodes you!
Your hands burn!
* * * LOW HITPOINT WARNING * * *
The jelly is almost dead.
The jelly hits you.
You die...

{ # #.####### #
###.#.J@..# ..
......###.# #.
###.#.....####
#..#............#
..............##.#
##..##....###.# #
.............###.#
#.########)#.....#
#.# #.#######


You could see a jelly.

Vanquished Creatures
  Grinder (D:4)
  Sigmund (D:2)
  A black bear (D:4)
  An ogre (D:3)
  A howler monkey (D:4)
  3 hounds (D:4)
  A jelly (D:4)
  An orc priest (D:4)
  Ijyb (D:5)
  A scorpion zombie (D:5)
  A hound skeleton (D:4)
  A gnoll (D:1)
  A howler monkey skeleton (D:4)
  4 adders
  2 worms (D:2)
  4 dart slugs
  9 orcs
  8 bats
  8 endoplasms
  4 giant cockroaches
  7 goblins
  5 hobgoblins
  6 kobolds
  5 quokkas
  11 ball pythons
  3 frilled lizards
  8 rats
99 creatures vanquished.

Notes
Turn   | Place    | Note
-------+----------+-------------------------------------------
     0 | D:1      | greasedhog the Formicid Fighter began the quest for the
                  | Orb.
     0 | D:1      | Reached XP level 1. HP: 18/18 MP: 1/1
    31 | D:1      | Reached XP level 2. HP: 14/24 MP: 2/2
   161 | D:1      | Reached skill level 3 in Staves
   277 | D:1      | Reached XP level 3. HP: 24/29 MP: 3/3
   935 | D:1      | Gained mutation: You are frail. (-10% HP) [potion of
                  | mutation]
   935 | D:1      | Gained mutation: You have very sharp teeth. [potion of
                  | mutation]
   999 | D:2      | Reached skill level 4 in Staves
   999 | D:2      | Reached XP level 4. HP: 30/30 MP: 4/4
  1059 | D:2      | Noticed Sigmund
  1067 | D:2      | You are sucked into a shaft and drop 1 floor!
  1529 | D:3      | Found a faded altar of an unknown god.
  1529 | D:3      | Noticed a ynoxinul
  2023 | D:4      | Reached XP level 5. HP: 21/36 MP: 5/5
  2248 | D:4      | Found Itwaysch's Antique Armour Boutique.
  2311 | D:4      | Noticed an ogre
  2314 | D:4      | Noticed Grinder
  2327 | D:3      | Reached skill level 5 in Staves
  2732 | D:2      | Killed Sigmund
  2733 | D:2      | Reached skill level 6 in Staves
  2733 | D:2      | Reached XP level 6. HP: 36/42 MP: 6/6
  3128 | D:3      | Killed an ogre
  3129 | D:3      | Reached skill level 5 in Shields
  3129 | D:3      | Reached XP level 7. HP: 10/46 MP: 7/7
  3404 | D:4      | Found a shimmering altar of Xom.
  3431 | D:4      | Found a burning altar of Makhleb.
  3501 | D:4      | Reached skill level 7 in Staves
  3755 | D:4      | Found a hazy altar of Hepliaklqana.
  3762 | D:4      | Found a runed translucent gate.
  3763 | D:4      | Found a runed translucent gate.
  3764 | D:4      | Found a runed translucent gate.
  3766 | D:4      | Noticed Holdthepickle's ghost (amateur TrHu)
  4323 | D:4      | Killed Grinder
  4324 | D:4      | Reached skill level 8 in Staves
  4324 | D:4      | Reached XP level 8. HP: 40/52 MP: 8/8
  4422 | D:4      | Found a staircase to the Ecumenical Temple.
  4438 | Temple   | Entered the Ecumenical Temple
  4659 | Temple   | Became a worshipper of Warmaster Okawaru
  4906 | D:5      | Entered Level 5 of the Dungeon
  5049 | D:5      | Noticed Ijyb
  5060 | D:5      | Killed Ijyb
  5095 | D:5      | HP: 2/52 [acid (4)]
  5097 | D:5      | Slain by a jelly

Illustrated notes

Levels and vault maps discovered:
D:1:      dpeg_arrival_lava_temple_mockup, layout_basic, due_unseen_surprise
D:2:      cheibrodos_helix_gallery, layout_basic, eino_curves_04,
          minmay_tiny_reverse_x, uniq_sigmund
D:3:      layout_basic, dreamdust_ecumenical_altar_sealed_demon
D:4:      layout_rooms, nzn_hepliaklqana_mist_gate, xom_teletrap_fun,
          lightli_temple_of_fire, minmay_temple_entry_stoned_glass,
          serial_shops, nicolae_take_the_stairs, ebering_ghost_rock_garden,
          minmay_between, uniq_grinder
D:5:      layout_loops_corners, uniq_ijyb
Temple:   nicolae_temple_figure_eight

Skill      XL: |  1  2  3  4  5  6  7 |
---------------+----------------------+-----
Staves         | 3 4 6 8 |  8.4
Shields        | 4 5 |  5.9
Fighting       | |  3.2
Armour         | |  3.2
Invocations    | |  0.2

Action                   |  1- 3 |  4- 6 |  7- 9 || total
-------------------------+-------+-------+-------++-------
Melee: Quarterstaff      |    75 |   142 |   112 ||   329
       Bite              |       |    10 |    10 ||    20
 Abil: Dig               |     1 |       |       ||     1
       Shaft Self        |       |     1 |       ||     1
  Use: Scroll            |     3 |       |     2 ||     5
       Potion            |     1 |     1 |       ||     2
Armor: Scale mail        |    23 |       |       ||    23
       Chain mail        |     3 |    59 |    49 ||   111
Dodge: Dodged            |    32 |    23 |    33 ||    88
Block: Buckler           |    14 |     4 |    13 ||    31
       Tower shield      |       |    99 |       ||    99
